 Dungeon Crawl Stone Soup version 0.24.1-8-ga250c9d538 (webtiles) character file.

Game seed: 531408249173972347, levelgen mode: deterministic

20573 Napalmbreeze the Fighter (level 12, 0/175 HPs)
             Began as a Minotaur Fighter on May 8, 2020.
             Was the Champion of Okawaru.
             Slain by a komodo dragon (10 damage)
             ... on level 11 of the Dungeon.
             The game lasted 00:30:30 (12586 turns).

Napalmbreeze the Fighter (Minotaur Fighter)        Turns: 12586, Time: 00:30:31

Health: 0/175      AC: 11    Str: 31    XL:     12   Next: 46%
Magic:  21/26      EV:  6    Int:  5    God:    Okawaru [******]
Gold:   1048       SH: 12    Dex: 14    Spells: 11/11 levels left

rFire    . . .     SeeInvis .   b - +2 hand axe (vamp)
rCold    . . .     Gourm    .   c - +0 shield
rNeg     . . .     Faith    .   M - +0 plate armour
rPois    .         Spirit   .   (helmet restricted)
rElec    .         Reflect  .   (no cloak)
rCorr    .         Harm     .   x - +0 pair of gloves
MR       .....                  E - +2 pair of boots {Stlth+}
Stlth    ..........             r - amulet of rage
HPRegen  0.39/turn              s - +4 ring of dexterity
MPRegen  0.20/turn              H - ring of magical power

@: berserking, lethally poisoned (0 -> -5), corroded, very quick
A: retaliatory headbutt, horns 2
a: Heroism, Finesse, Renounce Religion, Evoke Berserk Rage


You were on level 11 of the Dungeon.
You worshipped Okawaru.
Okawaru was exalted by your worship.
You were not hungry.

You visited 2 branches of the dungeon, and saw 15 of its levels.
You also visited: Bailey.

You collected 1048 gold pieces.

Inventory:

Hand Weapons
 a - a +0 war axe
 b - a +2 vampiric hand axe (weapon)
 P - a +3 scimitar of flaming
 Q - a +4 whip of holy wrath
Armour
 c - a +0 shield (worn)
 x - a +0 pair of gloves (worn)
 E - a +2 pair of boots of stealth (worn)
 M - a +0 plate armour (worn)
Jewellery
 h - an uncursed amulet of the acrobat
 r - an amulet of rage (around neck)
 s - a +4 ring of dexterity (left hand)
 y - an uncursed ring of wizardry
 H - a ring of magical power (right hand)
 S - an uncursed ring of protection from magic {unknown}
Wands
 t - a wand of clouds (3)
 A - a wand of disintegration (17)
 J - a wand of flame (33)
 N - a wand of enslavement (11)
Scrolls
 e - 2 scrolls of enchant weapon {unknown}
 g - 2 scrolls of fog {unknown}
 i - 3 scrolls of fear
 j - 4 scrolls of magic mapping
 k - 3 scrolls of identify
 l - a scroll of blinking {unknown}
 m - 2 scrolls of noise {unknown}
 n - 4 scrolls of immolation
 p - 6 scrolls of enchant armour
 q - 7 scrolls of remove curse
 u - a scroll of amnesia {unknown}
 v - 3 scrolls of teleportation
 O - a scroll of random uselessness {unknown}
Potions
 d - a potion of might
 o - 3 potions of agility {unknown}
 w - 3 potions of degeneration {unknown}
 z - 2 potions of lignification {unknown}
 B - 2 potions of magic {unknown}
 D - 2 potions of flight
 F - 5 potions of brilliance
 G - 2 potions of ambrosia {unknown}
 I - 2 potions of mutation {unknown}
 K - 2 potions of heal wounds {unknown}
 L - a potion of berserk rage {unknown}
 R - a potion of haste {unknown}
Comestibles
 f - 16 rations


   Skills:
 + Level 14.1 Fighting
 + Level 14.1 Axes
 - Level 10.0 Armour
 + Level 7.2 Shields
 - Level 8.0 Invocations


You had 11 spell levels left.
You didn't know any spells.
Your spell library contained the following spells:

 Spells                   Type           Power        Failure   Level  Hunger
 Confusing Touch          Hex            #.....       100%        1    ##.....
 Freeze                   Ice            #...         100%        1    ##.....
 Throw Frost              Conj/Ice       #.....       100%        2    ###....
 Confuse                  Hex            #.......     100%        3    ####...
 Gell's Gravitas          Tloc           #.........   100%        3    ####...
 Ozocubu's Armour         Chrm/Ice       #.......     100%        3    ####...
 Petrify                  Tmut/Erth      #.......     100%        4    #####..
 Summon Ice Beast         Ice/Summ       #.......     100%        4    #####..
 Throw Icicle             Conj/Ice       #.......     100%        4    #####..
 Metabolic Englaciation   Hex/Ice        #.........   100%        5    ######.
 Yara's Violent Unravell  Hex/Tmut       #.........   100%        5    ######.


Dungeon Overview and Level Annotations

Branches:
Dungeon (14/15)            Temple (1/1) D:5            Lair (0/6) D:9
    Orc (0/2) D:10         Bailey (visited)
 Vaults: D:13-14

Altars:
Ashenzari
Cheibriados
Dithmenos
Elyvilon
Fedhas
Gozag
Hepliaklqana
Kikubaaqudgha
Makhleb
Nemelex Xobeh
Okawaru
Qazlal
Ru
Sif Muna
Trog
Uskayaw
Vehumet
Wu Jian
Xom
Yredelemnul
Zin
The Shining One

Shops:
D:8 %

Annotations:
D:8 1 runed translucent door, H0rd4k's ghost, novice DEWz
D:13 Frances
D:14 1 runed translucent door


Innate Abilities, Weirdness & Mutations

You reflexively headbutt those who attack you in melee.
You have a pair of horns on your head.


Message History

The hound barely misses you. You furiously retaliate!
You headbutt the hound. You block the hound's attack.
The soldier ant completely misses you. The komodo dragon bites you!
* * * LOW HITPOINT WARNING * * *
Unknown command.
Okay, then.
Unknown command.
You fail to use your ability.
The hound barely misses you. You block the komodo dragon's attack.
The soldier ant waves its antennae.
The soldier ant stings you but does no damage.
Unknown command.
A red film seems to cover your vision as you go berserk!
Your finesse ends abruptly.
You feel yourself moving faster!
You feel mighty!
You feel quite a bit more hungry. The hound completely misses you.
You block the hound's attack. The soldier ant stings you.
* * * LOW HITPOINT WARNING * * *
You are poisoned.
The soldier ant poisons you! The komodo dragon bites you!
You die...

......... ........#
........ .. ........##
#...... ...
.........####.....# ...
...........##.....##..
....................# .
..........#....9....#...
#......#.....††......
#............@a......
#.>..........hl.../..
#.)..................
#...................###
#....................#
##..................##
..........#.....##.##
#........###......##
#..###...# #......


You could see a komodo dragon, a soldier ant, a gargoyle and a hound.

Vanquished Creatures
  Erica (D:9)
  2 hydras
  A catoblepas (D:14)
  A two-headed ogre (D:13)
  A death knight (D:14)
  A skeletal warrior (D:13)
  An unseen horror (D:14)
  Pikel (D:5)
  A phantasmal warrior (D:14)
  2 cyclopes
  3 ugly things (D:14)
  2 centaur zombies
  A gargoyle (D:10)
  A freezing wraith (D:14)
  2 trolls
  A hornet (D:7)
  3 meliai (D:13)
  A polar bear (shapeshifter) (D:14)
  3 hippogriffs
  12 yaks
  A wraith (D:13)
  2 basilisks (D:8)
  2 hungry ghosts
  A soldier ant (D:14)
  An acid dragon (D:13)
  Duvessa (D:5)
  3 water moccasins
  4 sky beasts
  3 ice beasts
  10 orc warriors
  2 slaves (D:5)
  5 necrophages
  2 black bears
  2 eyes of draining
  A phantom (D:6)
  6 ogres
  3 centaurs
  A crocodile (D:14)
  3 big kobolds
  7 bullfrogs
  Dowan (D:5)
  6 scorpions
  A water moccasin skeleton (D:8)
  6 killer bees (D:11)
  3 wights (D:9)
  A howler monkey (D:5)
  7 crimson imps
  2 quasits (D:9)
  8 hounds
  3 jellies
  A centaur skeleton (D:9)
  6 orc priests
  10 orc wizards
  3 bullfrog skeletons
  5 iguanas
  5 worker ants
  2 killer bee zombies
  A hound zombie (D:7)
  A hound skeleton (D:4)
  A howler monkey zombie (D:6)
  5 gnolls
  A howler monkey skeleton (D:4)
  12 adders
  A shadow imp (D:6)
  2 oozes
  An adder zombie (D:9)
  An adder skeleton (D:6)
  8 worms
  3 dart slugs (D:3)
  15 leopard geckos
  54 orcs
  7 bats
  8 giant cockroaches
  7 goblins
  8 hobgoblins
  3 jackals (D:4)
  30 kobolds
  5 quokkas
  A ball python (D:3)
  7 frilled lizards
  A jackal zombie (D:6)
  A leopard gecko skeleton (D:8)
  A leopard gecko zombie (D:9)
  9 rats
365 creatures vanquished.

Vanquished Creatures (others)
  A slave (D:5)
  A worm (D:5)
  An orc (D:9)
3 creatures vanquished.

Grand Total: 368 creatures vanquished

Notes
Turn   | Place    | Note
-------+----------+-------------------------------------------
     0 | D:1      | Napalmbreeze the Minotaur Fighter began the quest for the
                  | Orb.
     0 | D:1      | Reached XP level 1. HP: 19/19 MP: 0/0
    86 | D:1      | Reached XP level 2. HP: 7/27 MP: 1/1
   986 | D:2      | Reached XP level 3. HP: 33/33 MP: 2/2
  1819 | D:3      | Reached XP level 4. HP: 41/41 MP: 3/3
  2019 | D:3      | Noticed a necrophage
  2039 | D:3      | Killed a necrophage
  2039 | D:3      | Reached skill level 5 in Fighting
  2039 | D:3      | Reached XP level 5. HP: 48/48 MP: 4/4
  2204 | D:3      | You fall into a shaft and drop 3 floors!
  2204 | D:6      | Found a shattered altar of Ashenzari.
  2217 | D:6      | Reached skill level 5 in Armour
  2217 | D:6      | Reached XP level 6. HP: 43/57 MP: 5/5
  2483 | D:5      | Entered Level 5 of the Dungeon
  2483 | D:5      | Found a staircase to the Ecumenical Temple.
  2483 | D:5      | Noticed a slave
  2483 | D:5      | Noticed a slave
  2483 | D:5      | Noticed a slave
  2483 | D:5      | Noticed a slave
  2484 | D:5      | Noticed Pikel
  2491 | D:5      | Reached skill level 5 in Shields
  2494 | D:5      | Killed a slave
  2500 | D:5      | Killed a slave
  2502 | D:5      | Killed Pikel
  2502 | D:5      | Reached skill level 5 in Axes
  2502 | D:5      | Reached XP level 7. HP: 65/66 MP: 6/6
  2518 | Temple   | Entered the Ecumenical Temple
  2724 | Temple   | Became a worshipper of Warmaster Okawaru
  2799 | D:5      | Reached XP level 8. HP: 73/74 MP: 7/7
  3359 | D:3      | Found a faded altar of an unknown god.
  4565 | D:5      | Reached * piety under Okawaru
  4641 | D:5      | Noticed Duvessa
  4643 | D:5      | Noticed Dowan
  4652 | D:5      | Killed Duvessa
  4659 | D:5      | Killed Dowan
  5057 | D:6      | Reached XP level 9. HP: 73/85 MP: 8/8
  5065 | D:6      | Reached skill level 10 in Fighting
  5701 | D:7      | Paralysed by a hornet for 1 turns
  5702 | D:7      | Reached ** piety under Okawaru
  6659 | D:8      | Found Sepinam's Food Boutique.
  6685 | D:8      | Found a flagged portal.
  6696 | Bailey   | Entered a bailey
  6962 | Bailey   | Found an iron altar of Okawaru.
  7437 | D:8      | Found a runed translucent door.
  7437 | D:8      | Noticed a brown ugly thing
  7437 | D:8      | Noticed H0rd4k's ghost (novice DEWz)
  7524 | D:8      | Reached XP level 10. HP: 97/97 MP: 9/9
  7613 | D:8      | Reached *** piety under Okawaru
  8080 | D:9      | Found a staircase to the Lair.
  8101 | D:8      | Reached skill level 1 in Invocations
  8428 | D:9      | Noticed Erica
  8437 | D:9      | Killed Erica
  8437 | D:9      | Reached **** piety under Okawaru
  8437 | D:9      | Reached skill level 10 in Axes
  8443 | D:9      | Noticed a cyclops
  8453 | D:9      | Killed a cyclops
  8459 | D:9      | Reached skill level 5 in Invocations
  8566 | D:9      | Reached ***** piety under Okawaru
  8860 | D:9      | Reached XP level 11. HP: 82/104 MP: 15/15
  9359 | D:10     | Entered Level 10 of the Dungeon
  9551 | D:10     | Received a gift from Okawaru
  9984 | D:10     | Found a glowing silver altar of Zin.
 10064 | D:10     | Found a staircase to the Orcish Mines.
 10193 | D:10     | Reached skill level 10 in Armour
 10564 | D:11     | You fall into a shaft and drop 3 floors!
 10564 | D:14     | Noticed a green ugly thing
 10564 | D:14     | Noticed a green ugly thing
 10565 | D:14     | Noticed a green ugly thing
 10588 | D:14     | Killed a green ugly thing
 10594 | D:14     | Killed a green ugly thing
 10594 | D:14     | Killed an unseen horror
 10594 | D:14     | Received a gift from Okawaru
 10599 | D:14     | Killed a green ugly thing
 10695 | D:14     | Noticed a centaur warrior
 10815 | D:14     | Noticed a catoblepas
 10842 | D:14     | Killed a catoblepas
 10842 | D:14     | Received a gift from Okawaru
 10975 | D:13     | Found a basalt altar of Yredelemnul.
 11243 | D:13     | Noticed Frances
 11265 | D:13     | Noticed a two-headed ogre
 11279 | D:13     | Killed a two-headed ogre
 11279 | D:13     | Reached XP level 12. HP: 78/116 MP: 17/17
 11377 | D:13     | Noticed a six-headed hydra
 11389 | D:13     | Killed a one-headed hydra
 11578 | D:14     | Noticed a six-headed hydra
 11603 | D:14     | Killed a one-headed hydra
 11683 | D:14     | Found a runed translucent door.
 11687 | D:13     | Noticed a death knight
 11927 | D:14     | Killed a death knight
 11990 | D:13     | HP: 8/175 [skeletal warrior/cursed -1 flail[a death knight]
                  | (19)]
 11993 | D:13     | Reached ****** piety under Okawaru
 12586 | D:11     | Slain by a komodo dragon

Levels and vault maps discovered:
D:1:      dpeg_arrival_water_temple_mockup, layout_rooms
D:2:      wad_crossroads, layout_loops_ring, serial_forest,
          infiniplex_forest_clump_tiny, infiniplex_forest_lined_3_way,
          infiniplex_forest_lined_3, infiniplex_forest_clump_large,
          chequers_avenue
D:3:      minmay_evil_eye, layout_basic, chequers_ecumenical_altar_twisty,
          first_ration
D:4:      layout_gridville, kennysheep_big_empty_room
D:5:      layout_basic, minmay_temple_entry_offerings, uniq_duvessa, uniq_pikel
D:6:      layout_rooms, nicolae_overflow_crystal_walls, gup_sewer_entry_pipe
D:7:      layout_basic
D:8:      layout_loops_ring, serial_shops, nicolae_shop_trees,
          ebering_ghost_inner_flame, enter_bailey_2, grunt_ogre_cave,
          grunt_ministairs_1
D:9:      layout_loops_ring, david_lair_generic, serial_bayou_pond_c, uniq_erica
D:10:     layout_long_grid, hiddenorc1_lemuel, basic_altar
D:11:     layout_cave_pools, serial_shops, shop, grunt_ministairs_9,
          lightli_wizard_tower
D:12:     layout_roguey, trog_wizard
D:13:     layout_loops_ring, basic_altar, uniq_frances
D:14:     minmay_the_grid_triangle_9x9_line_8_mashed
          [minmay_the_grid_triangle_9x9_tough_junction,
          minmay_the_grid_triangle_9x9_minimal,
          minmay_the_grid_triangle_9x9_impossible_snake,
          minmay_the_grid_triangle_9x9_corrupted_corridor,
          minmay_the_grid_triangle_9x9_pentomino_pain,
          minmay_the_grid_triangle_9x9_zippers_vertical,
          minmay_the_grid_triangle_9x9_longest,
          minmay_the_grid_triangle_9x9_prize_insulated], layout_small_grid,
          skrybe_vaults_entry_preservation, dk_noncrumbling_2
Temple:   kilobyte_greek_temple

Skill      XL: |  1  2  3  4  5  6  7  8  9 10 11 12 |
---------------+-------------------------------------+-----
Fighting       | 4 5 6 7 9 11 12 13 14 | 14.1
Armour         | 4 5 6 7 8 9 10 | 10.0
Shields        | 4 5 6 7 |  7.2
Axes           | 3 4 5 6 8 10 12 14 | 14.1
Invocations    | 7 8 |  8.0

Action                   |  1- 3 |  4- 6 |  7- 9 | 10-12 || total
-------------------------+-------+-------+-------+-------++-------
Melee: War axe           |   112 |    82 |   323 |   331 ||   848
       Headbutt          |    13 |    16 |    65 |   176 ||   270
       Hand axe          |       |       |       |   189 ||   189
       Whip              |       |       |       |    68 ||    68
       Scimitar          |       |       |       |    28 ||    28
Invok: Heroism           |       |       |     3 |     7 ||    10
       Finesse           |       |       |       |     3 ||     3
 Abil: Evoke Berserk Rag |       |     2 |       |     3 ||     5
  Use: Scroll            |       |       |     4 |     7 ||    11
       Potion            |       |       |     2 |     4 ||     6
  Eat: Chunk             |     3 |     3 |    14 |    11 ||    31
       Ration            |       |       |     1 |     4 ||     5
Armor: Scale mail        |    56 |    39 |   106 |       ||   201
       Plate armour      |       |       |     6 |   337 ||   343
Dodge: Dodged            |    43 |    26 |   102 |   128 ||   299
Block: Shield            |    71 |    59 |   216 |   319 ||   665
